 Dungeon Crawl Stone Soup version 0.19.0-22-gd96e5fe (webtiles) character file.

15565 Jannitor the Carver (level 12, -2/142 HPs)
             Began as a Vampire Gladiator on Nov 19, 2016.
             Was a High Priest of Makhleb.
             Slain by a freezing wraith (4 damage)
             ... led by a death knight
             ... on level 12 of the Dungeon.
             The game lasted 00:37:20 (10972 turns).

Jannitor the Carver (Vampire Gladiator)            Turns: 10972, Time: 00:37:20

Health: -2/142     AC: 26    Str: 14    XL:     12   Next: 2%
Magic:  0/15       EV:  2    Int: 12    God:    Makhleb [*****.]
Gold:   916        SH:  6    Dex: 25    Spells: 0 memorised, 11 levels left

rFire  . . .     SeeInvis +     R - +3 scimitar (flame)
rCold  + + .     Gourm    .     (armour currently unavailable)
rNeg   + + +     Faith    .     u - +0 buckler
rPois  +         Spirit   +     (helmet currently unavailable)
rElec  +         Reflect  .     (cloak currently unavailable)
rCorr  +         Harm     .     (gloves currently unavailable)
MR     +....     NoTele   +     (boots currently unavailable)
Stlth  ++++......               A - amulet of guardian spirit
                                n - ring of ice
                                F - ring of stealth

@: agile, tree-form (expiring), resistant, very slightly contaminated,
regenerating quickly, hasted and slowed
A: (claws 0), (fangs 0), see invisible, agile 1, (fire resistance 0),
(unbreathing), subdued magic 1, MP-powered wands
a: Minor Destruction, Lesser Servant of Makhleb, Major Destruction, Greater
Servant of Makhleb, Renounce Religion


You were on level 12 of the Dungeon.
You worshipped Makhleb.
Makhleb was extremely pleased with you.
You were very full.
You were a tree.
You visited 2 branches of the dungeon, and saw 13 of its levels.

You collected 916 gold pieces.

Inventory:

Hand Weapons
 a - a +1 long sword
 v - a +0 long sword
 R - a +3 scimitar of flaming (weapon)
Missiles
 d - 4 throwing nets (quivered)
Armour
 c - a +0 helmet (melded)
 s - a +0 pair of boots (melded)
 u - a +0 buckler (worn)
 w - a +1 cloak (melded)
 x - a +2 robe of fire resistance
 y - a +1 robe of magic resistance
 N - a +0 pair of gloves (melded)
 S - a +0 robe of cold resistance
 Y - the +1 leather armour of Bumeovuc (melded) {rC+ MR+}
   (You found it on level 12 of the Dungeon)

   It protects you from cold.
   It affects your resistance to hostile enchantments.
Jewellery
 n - a ring of ice (right branch)
 A - an amulet of guardian spirit (around neck)
 F - a ring of stealth (left branch)
 G - a +2 amulet of reflection
Wands
 L - a wand of heal wounds (5/9)
 P - a wand of iceblast (8/15)
 V - a wand of iceblast (8/15)
Scrolls
 h - 4 scrolls of remove curse
 k - 3 scrolls of magic mapping
 l - 2 scrolls of identify
 o - a scroll of amnesia
 p - 7 scrolls of teleportation
 r - 4 scrolls of enchant armour
 z - a scroll of fear
 H - 3 scrolls of fog
 U - 2 scrolls of blinking
Potions
 e - 2 potions of brilliance
 j - 40 potions of blood
 m - 2 potions of agility
 t - a potion of cancellation
 B - a potion of cure mutation
 C - a potion of flight
 J - a potion of mutation
 K - 3 potions of curing
 M - 2 potions of haste
Books
 I - a book of Misfortune

   Spells                             Type                      Level
   a - Confusing Touch                Hexes                        1
   b - Confuse                        Hexes                        3
   c - Gell's Gravitas                Hexes/Translocation          3
   d - Petrify                        Transmutation/Earth          4
   e - Metabolic Englaciation         Hexes/Ice                    5
   f - Yara's Violent Unravelling     Hexes/Transmutation          5
 Q - a book of Battle

   Spells                             Type                      Level
   a - Infusion                       Charms                       1
   b - Shroud of Golubria             Charms/Translocation         2
   c - Song of Slaying                Charms                       2
   d - Spectral Weapon                Hexes/Charms                 3
   e - Regeneration                   Charms/Necromancy            3


   Skills:
 + Level 9.0 Fighting
 * Level 13.0 Long Blades
 - Level 1.5 Throwing
 + Level 10.7 Dodging
 + Level 1.9 Shields
 + Level 5.2 Invocations


You had 11 spell levels left.
You didn't know any spells.

Dungeon Overview and Level Annotations

Branches:
Dungeon (12/15)            Temple (1/1) D:5            Lair (0/6) D:10
    Orc (0/2) D:11

Altars:
Cheibriados
Elyvilon
Fedhas
Gozag
Hepliaklqana
Makhleb
Nemelex Xobeh
Okawaru
Ru
Sif Muna
Trog
Uskayaw
Xom
Yredelemnul
The Shining One
Beogh

Shops:
D:9 *   D:11 :

Portals:
Trove: D:10 (give 12 scrolls of teleportation)


Innate Abilities, Weirdness & Mutations

Your natural rate of healing is unusually fast.
((You have razor-sharp teeth.))
You have supernaturally acute eyesight. (SInv)
((You can survive without breathing.))
((You have sharp fingernails.))
You are agile. (Dex +2)
((Your flesh is heat resistant. (rF+)))
Your spells are a little easier to cast, but a little less powerful.
You expend magic power (3 MP) to strengthen your wands.


Message History

The freezing wraith hits you but does no damage.
You block the freezing wraith's attack. The phantasmal warrior hits you!
* * * LOW HITPOINT WARNING * * *
The freezing wraith hits you but does no damage. x2
Unknown command.
Quiver which item? (- for none, * to show all) (? for menu, Esc to quit)
Okay, then.
Unknown command.
Unknown command.
You feel agile all of a sudden.
The death knight hits you with a broad axe.
* * * LOW HITPOINT WARNING * * *
The phantasmal warrior hits you!
* * * LOW HITPOINT WARNING * * *
The freezing wraith hits you but does no damage. x4
You closely miss the freezing wraith.
The freezing wraith is moderately damaged.
The phantasmal warrior hits you but does no damage.
The freezing wraith hits you.
You die...

##.....>...##############........
.##########...............#####..
........†...#.............'...#..
............#.............#...#..
............#.............#...#..
............#.............#...+..
...##########.............#...#..
...#...........WW.........#...###
.(>#...........p♣.........#...#..
...#.........##W#####.....#...#..
...#.........'.W....#.....#...#..
...#.........#......#.....#...#..
...#.........#......#.....#...#..
...#.........'......'.....#...##.
...#.........#......#.....#...###
#.........###'####.....#......
#......)..#......#.....#......


You could see a death knight, a phantasmal warrior and 3 freezing wraiths.

Vanquished Creatures
  Erica (D:10)
  A hill giant (D:10)
  A two-headed ogre (D:9)
  A hippogriff (D:8)
  23 yaks
  A spriggan (D:7)
  A wraith (D:10)
  2 wyverns (D:10)
  Eustachio (D:6)
  A hungry ghost (D:11)
  The ghost of grok76 the Magician, an amateur DEWz (D:4)
  A water moccasin (D:8)
  5 sky beasts
  8 orc warriors
  4 ice beasts
  A black bear (D:8)
  2 phantoms (D:6)
  8 ogres
  A necrophage (D:11)
  10 centaurs
  2 big kobolds
  Blork the orc (D:5)
  11 bullfrogs
  2 scorpions
  12 killer bees
  9 wights
  A howler monkey (D:11)
  5 crimson imps
  2 centaur zombies
  A quasit (D:11)
  A bullfrog zombie (D:6)
  3 jellies
  2 centaur skeletons
  10 hounds
  Crazy Yiuf (D:4)
  12 orc priests
  5 bullfrog skeletons
  Jessica (D:3)
  Ijyb (D:2)
  9 orc wizards
  A hell rat (D:7)
  5 worker ants
  A hound zombie (D:7)
  A hound skeleton (D:5)
  A worker ant zombie (D:11)
  9 gnolls
  A howler monkey skeleton (D:9)
  8 adders
  8 river rats
  2 shadow imps
  3 oozes
  5 adder skeletons
  2 worms
  2 dart slugs (D:1)
  3 leopard geckos
  70 orcs
  7 giant cockroaches
  5 goblins
  7 hobgoblins
  16 jackals
  2 quokkas
  3 ball pythons
  6 bats
  7 frilled lizards
  2 jackal skeletons (D:6)
  16 kobolds
  A leopard gecko zombie (D:9)
  2 quokka skeletons
  31 rats
  2 fungi
394 creatures vanquished.

Vanquished Creatures (collateral kills)
  The ghost of Rrauwl the Carver, a journeyman FoFi of Hepliaklqana (D:12)
  A hydra (D:12)
  An ugly thing (D:10)
  A phantom (D:9)
  An eye of draining (D:12)
  3 killer bees (D:9)
  A hound (D:9)
  A river rat (D:10)
10 creatures vanquished.

Vanquished Creatures (others)
  21 fungi (D:10)
  2 plants (D:10)
23 creatures vanquished.

Grand Total: 427 creatures vanquished

Notes
Turn   | Place    | Note
-------+----------+-------------------------------------------
     0 | D:1      | Jannitor the Vampire Gladiator began the quest for the Orb.
     0 | D:1      | Reached XP level 1. HP: 16/16 MP: 1/1
   241 | D:1      | Reached XP level 2. HP: 22/22 MP: 2/2
   632 | D:2      | Reached XP level 3. HP: 26/27 MP: 3/3
  1351 | D:2      | Noticed Ijyb
  1364 | D:2      | Killed Ijyb
  1364 | D:2      | Reached skill level 4 in Long Blades
  1364 | D:2      | Reached XP level 4. HP: 30/34 MP: 4/4
  1524 | D:2      | Reached XP level 5. HP: 31/40 MP: 5/5
  1756 | D:3      | Found a basalt altar of Yredelemnul.
  2199 | D:3      | Noticed Jessica
  2213 | D:3      | Found a deep blue altar of Sif Muna.
  2218 | D:3      | Killed Jessica
  2218 | D:3      | Reached skill level 5 in Long Blades
  2218 | D:3      | Reached XP level 6. HP: 47/47 MP: 6/6
  2347 | D:4      | Reached skill level 5 in Dodging
  2438 | D:4      | Found a blossoming altar of Fedhas.
  2506 | D:4      | Found a runed door.
  2512 | D:4      | Noticed Crazy Yiuf
  2526 | D:4      | Killed Crazy Yiuf
  2839 | D:4      | Noticed grok76's ghost (amateur DEWz)
  2845 | D:4      | Killed grok76's ghost
  2845 | D:4      | Reached skill level 6 in Long Blades
  2845 | D:4      | Reached XP level 7. HP: 48/53 MP: 7/7
  2930 | D:5      | Entered Level 5 of the Dungeon
  2940 | D:5      | Noticed Blork the orc
  2967 | D:5      | Killed Blork the orc
  3226 | D:5      | Found a snail-covered altar of Cheibriados.
  3299 | D:5      | Found a staircase to the Ecumenical Temple.
  3306 | Temple   | Entered the Ecumenical Temple
  3322 | Temple   | Became a worshipper of Makhleb the Destroyer
  3738 | D:5      | Found a hazy altar of Hepliaklqana.
  3892 | D:6      | Reached skill level 7 in Long Blades
  3903 | D:6      | Noticed Eustachio
  3952 | D:6      | Killed Eustachio
  3952 | D:6      | Reached XP level 8. HP: 29/61 MP: 8/8
  4101 | D:6      | Gained mutation: You are agile. (Dex +2) [potion of mutation]
  4101 | D:6      | Gained mutation: Your spells are a little easier to cast, but a little less powerful. [potion of mutation]
  4101 | D:6      | Gained mutation: You expend magic power (3 MP) to strengthen your wands. [potion of mutation]
  4205 | D:6      | Gained mutation: Your flesh is heat resistant. (rF+) [potion of mutation]
  4395 | D:6      | Reached skill level 5 in Fighting
  4442 | D:6      | Reached * piety under Makhleb
  4478 | D:6      | Reached skill level 8 in Long Blades
  5110 | D:7      | Reached XP level 9. HP: 55/68 MP: 5/9
  5320 | D:7      | Reached ** piety under Makhleb
  5342 | D:7      | Reached skill level 9 in Long Blades
  5527 | D:7      | Found a white marble altar of Elyvilon.
  6143 | D:8      | Reached skill level 10 in Long Blades
  6173 | D:8      | Reached *** piety under Makhleb
  6582 | D:8      | You fall through a shaft!
  6599 | D:9      | Found a shimmering altar of Xom.
  6762 | D:8      | Reached XP level 10. HP: 43/77 MP: 4/10
  6976 | D:9      | Reached skill level 1 in Invocations
  7361 | D:9      | Reached skill level 11 in Long Blades
  7372 | D:9      | Reached **** piety under Makhleb
  7482 | D:9      | Found Gozag's Platinum Reserve.
  7535 | D:9      | Found an opulent altar of Gozag.
  7730 | D:10     | Entered Level 10 of the Dungeon
  7746 | D:10     | Found a staircase to the Lair.
  7753 | D:10     | Noticed a purple ugly thing
  7784 | D:10     | Killed a purple ugly thing
  8077 | D:10     | Noticed Erica
  8105 | D:10     | Killed Erica
  8128 | D:10     | Reached XP level 11. HP: 56/86 MP: 6/13
  8301 | D:10     | Found a portal to a secret trove of treasure.
  8517 | D:10     | Noticed a hill giant
  8528 | D:10     | Killed a hill giant
  8528 | D:10     | Reached skill level 12 in Long Blades
  8930 | D:11     | Reached skill level 10 in Dodging
  9202 | D:11     | Found a roughly hewn altar of Beogh.
  9204 | D:11     | Found a staircase to the Orcish Mines.
  9434 | D:11     | Found Lidinn's Book Shop.
  9580 | D:11     | Reached ***** piety under Makhleb
  9965 | D:12     | Noticed a seven-headed hydra
  9975 | D:12     | Killed a five-headed hydra
 10162 | D:12     | Got a scorched leather armour
 10168 | D:12     | Identified the +1 leather armour of Bumeovuc {rC+ MR+} (You found it on level 12 of the Dungeon)
 10272 | D:12     | Noticed Rrauwl's ghost (journeyman FoFi)
 10298 | D:12     | Killed Rrauwl's ghost
 10298 | D:12     | Reached skill level 1 in Shields
 10516 | D:12     | Gained mutation: You have sharp fingernails. [potion of beneficial mutation]
 10534 | D:12     | Reached skill level 5 in Invocations
 10633 | D:12     | Reached skill level 13 in Long Blades
 10644 | D:12     | Reached XP level 12. HP: 95/95 MP: 12/15
 10948 | D:12     | Noticed a death knight
 10971 | D:12     | HP: 6/142 [death knight/broad axe (3)]
 10971 | D:12     | HP: 2/142 [phantasmal warrior[a death knight] (4)]
 10972 | D:12     | Slain by a freezing wraith

Skill      XL: |  1  2  3  4  5  6  7  8  9 10 11 |
---------------+----------------------------------+-----
Fighting       | 2 3 4 5 6 7 9 |  9.0
Long Blades    | 4 5 6 7 8 10 11 13 | 13.0
Dodging        | 4 5 6 7 8 9 10 | 10.7
Invocations    | 3 5 |  5.2
Shields        | 1 |  1.9
Throwing       | |  1.5

Action                   |  1- 3 |  4- 6 |  7- 9 | 10-12 || total
-------------------------+-------+-------+-------+-------++-------
Melee: Long sword        |   126 |   193 |   624 |   250 ||  1193
       Bite              |    16 |    25 |    99 |   108 ||   248
       Scimitar          |       |       |       |   368 ||   368
Throw: Throwing net      |       |     1 |       |       ||     1
Invok: Minor Destruction |       |       |       |    30 ||    30
       Lesser Servant of |       |       |       |     6 ||     6
       Major Destruction |       |       |       |     2 ||     2
  Use: Potion            |     6 |     9 |    32 |    33 ||    80
       Scroll            |       |       |    12 |    11 ||    23
 Stab: Held in net/web   |       |     1 |       |       ||     1
       Sleeping          |       |       |     6 |     9 ||    15
       Distracted        |       |       |     1 |     1 ||     2
       Invisible         |       |       |       |     7 ||     7
  Eat: Corpse            |     7 |     2 |     2 |       ||    11
Armor: Leather armour    |    34 |    30 |     3 |    19 ||    86
       Skin              |       |     5 |    40 |    63 ||   108
       Robe              |       |       |   116 |    75 ||   191
Dodge: Dodged            |    95 |   154 |   463 |   475 ||  1187
Block: Buckler           |       |       |       |    37 ||    37
       Rpst.: Long sword |    42 |    47 |   148 |    53 ||   290
       Scimitar          |       |       |       |   103 ||   103
